 Dungeon Crawl Stone Soup version 0.18.1-6-gd335043 (webtiles) character file.

3268 lightmor the Blocker (level 10, -7/78 HPs)
             Began as a Naga Transmuter on May 18, 2016.
             Mangled by a killer bee (9 damage)
             ... on level 8 of the Dungeon.
             The game lasted 00:33:32 (10967 turns).

lightmor the Blocker (Naga Transmuter)             Turns: 10967, Time: 00:33:33

Health: -7/78      AC:  6    Str: 13    XL:     10   Next: 0%
Magic:  13/13      EV: 10    Int: 15    God:
Gold:   320        SH: 11    Dex: 13    Spells: 5 memorised, 1 level left

rFire  . . .     SeeInvis +       - Unarmed
rCold  + . .     Gourm    .     b - +0 robe
rNeg   + . .     Faith    .     k - +0 shield
rPois  +         Spirit   .     v - +0 helmet
rElec  .         Dismiss  .     M - +0 cloak (curse)
rCorr  .         Reflect  .     (no gloves)
SustAt .         Harm     .     (no barding)
MR     +....                    (no amulet)
Stlth  +++++.....               O - ring of protection from cold
                                g - ring of positive energy

@: lethally poisoned (-7 -> -10), very slow, somewhat resistant to hostile
enchantments, quite stealthy
A: see invisible, deformed body, poison resistance, slowness 2, slow metabolism
1, spit poison 2, AC +3
a: Spit Poison


You were on level 8 of the Dungeon.
You were hungry.

You visited 1 branch of the dungeon, and saw 8 of its levels.

You collected 320 gold pieces.

Inventory:

Hand Weapons
 B - the +5 rapier of Goviet {vamp, MP+9 Str+4 Int-4 SInv}
   (You found it on level 6 of the Dungeon)

   It inflicts no extra harm, but heals its wielder somewhat when it strikes a
   living foe.
   It affects your strength (+4).
   It affects your intelligence (-4).
   It affects your magic capacity (+9).
   It lets you see invisible.
Missiles
 a - 77 arrows
Armour
 b - a +0 robe (worn)
 e - a +2 naga barding of flying
 k - a +0 shield (worn)
 v - a +0 helmet (worn)
 M - a cursed +0 cloak (worn)
Jewellery
 g - a ring of positive energy (left hand)
 O - a ring of protection from cold (right hand)
Wands
 f - a wand of random effects (16/48)
 r - a wand of digging (18/24)
 y - a wand of disintegration (3/24)
 C - a wand of paralysis (12/24)
 E - a wand of polymorph (13/24)
 F - a wand of disintegration (15/24)
Scrolls
 h - a scroll of remove curse
 m - 4 scrolls of magic mapping
 o - a scroll of immolation
 t - 2 scrolls of enchant weapon
 x - 2 scrolls of enchant armour
 L - a scroll of recharging {unknown}
 N - a scroll of identify
Potions
 j - a potion of cancellation
 p - a potion of ambrosia
 u - 2 potions of heal wounds
 A - a potion of magic
 G - 2 potions of brilliance
 H - a potion of mutation
 K - a potion of curing
Books
 c - a book of Changes

   Spells                             Type                      Level
   a - Beastly Appendage              Transmutation                1
   b - Sticks to Snakes               Transmutation                2
   c - Spider Form                    Transmutation/Poison         3
   d - Ice Form                       Ice/Transmutation            4
   e - Blade Hands                    Transmutation                5
 i - a book of the Earth

   Spells                             Type                      Level
   a - Leda's Liquefaction            Hexes/Earth                  4
   b - Bolt of Magma                  Conjuration/Fire/Earth       5
   c - Statue Form                    Transmutation/Earth          6
   d - Iron Shot                      Conjuration/Earth            6
   e - Shatter                        Earth                        9
 w - a book of Annihilations

   Spells                             Type                      Level
   a - Poison Arrow                   Conjuration/Poison           6
   b - Chain Lightning                Conjuration/Air              8
   c - Lehudib's Crystal Spear        Conjuration/Earth            8
   d - Glaciate                       Conjuration/Ice              9
   e - Fire Storm                     Conjuration/Fire             9
 z - a book of Spatial Translocations

   Spells                             Type                      Level
   a - Apportation                    Translocation                1
   b - Blink                          Translocation                2
   c - Shroud of Golubria             Charms/Translocation         2
   d - Portal Projectile              Translocation                3
   e - Teleport Other                 Translocation                3
   f - Passage of Golubria            Translocation                4
 D - a book of Unlife

   Spells                             Type                      Level
   a - Recall                         Summoning/Translocation      3
   b - Animate Dead                   Necromancy                   4
   c - Control Undead                 Necromancy                   4
   d - Cigotuvi's Embrace             Necromancy                   5
   e - Death Channel                  Necromancy                   6
   f - Simulacrum                     Ice/Necromancy               6
 J - a book of Ice

   Spells                             Type                      Level
   a - Ice Form                       Ice/Transmutation            4
   b - Metabolic Englaciation         Hexes/Ice                    5
   c - Ozocubu's Refrigeration        Ice                          6
   d - Bolt of Cold                   Conjuration/Ice              6
   e - Freezing Cloud                 Conjuration/Ice/Air          6
   f - Simulacrum                     Ice/Necromancy               6
Comestibles
 d - 5 bread rations
 l - a royal jelly
 n - 2 beef jerkies
 q - 5 meat rations
 I - 3 fruits


   Skills:
 - Level 1.0 Fighting
 - Level 1.5 Dodging
 + Level 9.5 Stealth
 - Level 9.6 Shields
 * Level 8.9 Unarmed Combat
 - Level 2.0 Spellcasting
 - Level 2.0 Transmutations


You had one spell level left.
You knew the following spells:

 Your Spells              Type           Power        Failure   Level  Hunger
a - Beastly Appendage     Trmt           #.....       12%         1    #......
b - Sticks to Snakes      Trmt           #.......     14%         2    ###....
c - Spider Form           Trmt/Pois      #.........   43%         3    ###....
d - Ice Form              Ice/Trmt       #.......     97%         4    #####..
e - Blink                 Tloc           N/A          34%         2    ###....


Dungeon Overview and Level Annotations

Branches:
Dungeon (8/15)
 Temple: D:4-7         Lair: D:8-11

Altars:
Kikubaaqudgha
Makhleb
Nemelex Xobeh
Pakellas
Zin
The Shining One

Annotations:
D:4 Edmund
D:8 Grum


Innate Abilities, Weirdness & Mutations

You cannot wear boots.
Your serpentine skin is tough (AC +3).
You have supernaturally acute eyesight.
Armour fits poorly on your strangely shaped body.
Your system is resistant to poisons.
You cover ground very slowly.
You have a slow metabolism.
You can spit poison.


Message History

What kind of item would you like to acquire? (\ to view known items)
Something appears before you!
The killer bee stings you but does no damage.
You block the killer bee's attack. The wolf misses you.
The wolf closely misses you. The killer bee misses you.
You block Grum's attack. The killer bee closely misses you.
The killer bee barely misses you. The wolf bites you.
* * * LOW HITPOINT WARNING * * *
You block the wolf's attack. The killer bee misses you.
e - a runed naga barding You block the killer bee's attack. x2; The wolf closely misses you.
You block the killer bee's attack. The wolf bites you.
* * * LOW HITPOINT WARNING * * *
The killer bee completely misses you. The killer bee stings you!
* * * LOW HITPOINT WARNING * * *
You are poisoned.
The killer bee poisons you! Grum closely misses you. The wolf bites you.
* * * LOW HITPOINT WARNING * * *
The killer bee stings you!
You die...

.#[... #.......
.#....... # <.......
#.#####..... .#
.......#.##### .#
#§yyy.§..... ..
#.§@yg§.# .# #§§hh§..##
.#####
#§§§§§§..#####......
.###§§..§.#...[........
...#########............
#..# #.........### .
#..##### #..#.........
..######......#
##.####......
............#.######..#
......


You could see Grum, 2 wolves and 4 killer bees.

Vanquished Creatures
  The ghost of deorigin the Chiller, an amateur MfIE (D:4)
  A water moccasin (D:7)
  Duvessa (D:6)
  An orc warrior (D:6)
  3 slaves (D:4)
  A sky beast (D:7)
  A phantom (D:6)
  2 wolves (D:8)
  An ogre (D:7)
  3 centaurs
  5 giant frogs
  Dowan (D:6)
  A wyvern skeleton (D:5)
  A water moccasin zombie (D:5)
  4 scorpions
  2 howler monkeys
  2 giant frog zombies
  A centaur skeleton (D:6)
  2 hounds
  A jelly (D:7)
  2 orc priests (D:6)
  2 giant frog skeletons
  An iguana (D:4)
  2 orc wizards
  2 worker ants (D:5)
  A killer bee zombie (D:7)
  A hound skeleton (D:6)
  4 worker ant zombies
  10 gnolls
  9 adders
  A howler monkey skeleton (D:6)
  An ooze (D:2)
  2 adder zombies (D:7)
  3 worms
  4 giant geckos
  24 orcs
  7 giant cockroaches
  12 goblins
  8 hobgoblins
  19 jackals
  10 kobolds
  3 quokkas
  2 ball pythons (D:2)
  4 bats
  A giant gecko skeleton (D:6)
  11 giant newts
  A jackal skeleton (D:4)
  10 rats
192 creatures vanquished.

Vanquished Creatures (collateral kills)
  Pikel (D:4)
  A slave (D:4)
  2 ogres
  A giant frog skeleton (D:6)
  An orc wizard (D:6)
  A gnoll (D:3)
  A hobgoblin (D:1)
  4 jackals (D:1)
12 creatures vanquished.

Grand Total: 204 creatures vanquished

Notes
Turn   | Place    | Note
--------------------------------------------------------------
     0 | D:1      | lightmor the Naga Transmuter began the quest for the Orb.
     0 | D:1      | Reached XP level 1. HP: 18/18 MP: 3/3
   144 | D:1      | Reached XP level 2. HP: 17/25 MP: 5/5
   155 | D:1      | Reached skill level 1 in Stealth
   301 | D:1      | Learned a level 2 spell: Sticks to Snakes
  1399 | D:1      | Reached XP level 3. HP: 16/31 MP: 6/6
  1781 | D:2      | Found a sparkling altar of Nemelex Xobeh.
  1944 | D:2      | HP: 1/31 [kobold (2)]
  2561 | D:2      | Reached skill level 1 in Shields
  2561 | D:2      | Reached XP level 4. HP: 36/38 MP: 7/7
  3359 | D:3      | Reached XP level 5. HP: 7/44 MP: 2/8
  3366 | D:3      | Reached XP level 6. HP: 9/51 MP: 1/9
  3366 | D:3      | HP: 1/51 [gnoll/spear (8)]
  4751 | D:4      | Noticed deorigin's ghost (amateur MfIE)
  4781 | D:4      | Killed deorigin's ghost
  5017 | D:4      | Learned a level 3 spell: Spider Form
  5417 | D:4      | Reached XP level 7. HP: 38/57 MP: 8/10
  5561 | D:4      | Reached skill level 5 in Unarmed Combat
  5570 | D:4      | Noticed Edmund
  5575 | D:5      | Entered Level 5 of the Dungeon
  5587 | D:5      | Noticed Pikel
  6238 | D:4      | Killed Pikel
  6238 | D:4      | Reached skill level 5 in Stealth
  6238 | D:4      | Reached XP level 8. HP: 43/64 MP: 7/11
  7468 | D:5      | Found a glowing silver altar of Zin.
  7470 | D:5      | Found an ancient bone altar of Kikubaaqudgha.
  7470 | D:5      | Found a burning altar of Makhleb.
  7484 | D:5      | Found a sparkling altar of Nemelex Xobeh.
  8419 | D:6      | Reached XP level 9. HP: 58/70 MP: 12/12
  8436 | D:6      | Learned a level 4 spell: Ice Form
  8463 | D:6      | Got a faintly glowing rapier
  8472 | D:6      | Identified the +5 rapier of Goviet {vamp, MP+9 Str+4 Int-4 SInv} (You found it on level 6 of the Dungeon)
  8502 | D:6      | Found an oddly glowing altar of Pakellas.
  8591 | D:6      | Noticed Duvessa
  8591 | D:6      | Noticed Dowan
  9191 | D:6      | Killed Duvessa
  9201 | D:6      | Killed Dowan
  9902 | D:7      | Found a glowing golden altar of the Shining One.
 10755 | D:8      | Learned a level 2 spell: Blink
 10776 | D:8      | Noticed Grum
 10952 | D:8      | Reached XP level 10. HP: 64/78 MP: 13/13
 10966 | D:8      | Identified a scroll of acquirement
 10967 | D:8      | HP: 2/78 [wolf[Grum] (4)]
 10967 | D:8      | Mangled by a killer bee

Skill      XL: |  1  2  3  4  5  6  7  8  9 |
---------------+----------------------------+-----
Stealth        | 2 3 4 5 7 9 |  9.5
Unarmed Combat | 4 6 7 8 |  8.9
Shields        | 1 9 |  9.6
Fighting       | |  1.0
Dodging        | |  1.5
Spellcasting   | |  2.0
Transmutations | |  2.0

Action                   |  1- 3 |  4- 6 |  7- 9 | 10-12 || total
-------------------------+-------+-------+-------+-------++-------
Melee: Unarmed           |   138 |   181 |   564 |     5 ||   888
       Headbutt          |       |       |     4 |       ||     4
 Cast: Sticks to Snakes  |     3 |     9 |    27 |       ||    39
       Beastly Appendage |       |     1 |     3 |       ||     4
       Spider Form       |       |       |     3 |       ||     3
 Abil: Spit Poison       |    15 |    39 |    52 |     1 ||   107
Evoke: Wand              |       |       |     2 |       ||     2
  Use: Potion            |     2 |     5 |     1 |       ||     8
       Scroll            |       |    15 |     8 |     2 ||    25
 Stab: Sleeping          |       |     3 |     5 |       ||     8
  Eat: Chunk             |     4 |    11 |    18 |       ||    33
       Royal jelly       |       |       |     1 |       ||     1
Armor: Robe              |    40 |    14 |    74 |     8 ||   136
       Skin              |     1 |       |     2 |       ||     3
Dodge: Dodged            |    93 |    41 |   175 |    12 ||   321
Block: Shield            |    13 |    73 |   256 |    17 ||   359
